Match 41221474
Unlisted

Match 41221474
End
Construct Section Command Post
Infantry Section
Infantry Section
Infantry Section
Infantry Section
Infantry Section
Construct Platoon Command Post
Construct Field Infirmary
Infantry Training
Infantry Section
Infantry Section
Construct Company Command Post
Foot Guards Section
Selects Heavy Armor Battlegroup
Selects Rigorous Vehicle Training
Selects Forward Repair Assembly
Selects UNKNOWN (2162094)
Selects Light Vehicle Withdraw and Refit
Selects Radio Net
Selects Recon Artillery
Recon Artillery
Recon Artillery
Churchill IV Heavy Tank
Royal Engineer Section
Foot Guards Section
Foot Guards Section
Recon Artillery
Foot Guards Section
Churchill IV Heavy Tank
Royal Engineer Section
Recon Artillery
Royal Engineer Section
Churchill IV Heavy Tank
Recon Artillery
Luck Shot
desert_fox
PutinsAshes
Libanese_de_Roma
=BIA=Daghito
Sauzer88
0
0

Comments sign in to comment!

No comments posted yet!